 Dungeon Crawl Stone Soup version 0.29.0 (webtiles) character file.

Game seed: 18283356603358669240

7152 lyrin the Basher (level 11, -32/68 HPs)
             Began as a Gargoyle Fighter on Sept 3, 2022.
             Was a Priest of Fedhas.
             Killed by an exploding death yak (40 damage)
             ... ignited by their inner flame
             ... on level 9 of the Dungeon.
             The game lasted 00:20:19 (12060 turns).

lyrin the Basher (Gargoyle Fighter)                Turns: 12060, Time: 00:20:20

Health: -32/68     AC: 26    Str: 19    XL:     11   Next: 10%
Magic:  8/15       EV: 14    Int: 14    God:    Fedhas [***...]
Gold:   660        SH: 14    Dex:  9    Spells: 9/14 levels left

rFire   . . .      SeeInvis .   t - +2 hammer (vorpal)
rCold   . . .      Faith    .   Q - +0 kite shield
rNeg    + . .      Spirit   .   D - +0 swamp dragon scales
rPois   ∞          Reflect  +   b - +0 helmet
rElec   +          Harm     .   s - +0 cloak
rCorr   .          Rampage  .   A - +2 pair of gloves
Will    .....                   (no boots)
Stlth   ..........              K - amulet of reflection
HPRegen 0.21/turn               G - +4 ring of evasion
MPRegen 0.14/turn               a - +4 ring of protection

@: about to teleport, slowed, very slow
A: sickness immunity, AC +8, negative energy resistance 1, electricity
resistance, torment resistance 1, petrification resistance
a: Renounce Religion, Wall of Briars, Grow Ballistomycete


You were on level 9 of the Dungeon.
You worshipped Fedhas.
Fedhas was most pleased with you.
You visited 1 branch of the dungeon, and saw 10 of its levels.
You also visited: Sewer.

You collected 660 gold pieces.

Inventory:

Hand Weapons
 t - a +2 vorpal hammer (weapon)
 y - a +0 whip of freezing
Missiles
 p - 41 poisoned darts (quivered)
 w - 5 javelins
 H - a throwing net
 P - 2 curare-tipped darts
Armour
 b - a +0 helmet (worn)
 s - a +0 cloak (worn)
 A - a +2 pair of gloves (worn)
 D - +0 swamp dragon scales (worn)
 Q - a +0 kite shield (worn)
Magical Staves
 o - a staff of earth
Jewellery
 a - a +4 ring of protection (right hand)
 h - a +6 ring of strength
 r - a ring of resist corrosion
 G - a +4 ring of evasion (left hand)
 J - a ring of positive energy
 K - an amulet of reflection (around neck)
Wands
 M - a wand of paralysis (18)
Scrolls
 c - 4 scrolls of enchant weapon {unknown}
 e - 10 scrolls of identify {unknown}
 g - 4 scrolls of teleportation
 i - 2 scrolls of fear {unknown}
 k - 3 scrolls of noise {unknown}
 m - 2 scrolls of enchant armour {unknown}
 q - 2 scrolls of immolation
 v - 2 scrolls of vulnerability {unknown}
 z - a scroll of torment {unknown}
 B - a scroll of blinking {unknown}
 C - a scroll of magic mapping {unknown}
 I - 2 scrolls of poison {unknown}
 L - 2 scrolls of silence {unknown}
 O - 2 scrolls of amnesia {unknown}
Potions
 j - a potion of curing
 l - 5 potions of lignification
 n - 2 potions of degeneration {unknown}
 u - 2 potions of attraction {unknown}
 x - 2 potions of resistance {unknown}
 E - a potion of experience {unknown}
 F - a potion of brilliance {unknown}
 N - 4 potions of mutation {unknown}
Miscellaneous
 R - a phial of floods (inert)


   Skills:
 + Level 7.7 Fighting
 + Level 10.9 Maces & Flails
 + Level 0.7 Throwing
 - Level 6.0 Armour
 - Level 3.0 Dodging
 + Level 8.1 Shields
 * Level 2.2 Spellcasting
 * Level 2.2 Earth Magic
 * Level 6.1 Invocations


You had 9 spell levels left.
You knew the following spells:

 Your Spells              Type           Power      Damage    Failure   Level
a - Lee's Rapid Deconstr  Erth           3%         3d6*      100%        5

Your spell library contained the following spells:

 Spells                   Type           Power      Damage    Failure   Level
 Apportation              Tloc           2%         N/A       67%         1
 Necrotise                Necr           4%         1d4       67%         1
 Summon Small Mammal      Summ           4%         N/A       67%         1
 Confusing Touch          Hex            1%         N/A       96%         3
 Fulminant Prism          Conj/Hex       0%         3d6       100%        4
 Iskenderun's Mystic Bla  Conj/Tloc      1%         2d3       100%        4
 Alistair's Intoxication  Tmut/Pois      0%         N/A       100%        5
 Yara's Violent Unravell  Hex/Tmut       0%         3d3       100%        5
 Enfeeble                 Hex            0%         N/A       100%        7


Dungeon Overview and Level Annotations

Branches:
Dungeon (10/15)            Temple (0/1) D:5            Lair (0/5) D:9
  Sewer (visited)
    Orc: D:9-12

Altars:
Ashenzari
Dithmenos
Fedhas
Gozag
Makhleb
Nemelex Xobeh
Okawaru
Ru
Trog
Uskayaw
Xom

Shops:
D:2 !

Annotations:
D:10 Josephine


Innate Abilities, Weirdness & Mutations

You are immune to sickness and miasma.
Your stone body is resilient. (AC +8)
You are immune to poison.
You resist negative energy. (rN+)
You are resistant to electric shocks. (rElec)
You are resistant to unholy torment.
You are immune to petrification.


Message History

The death yak closely misses you.
Unknown command.
You sock the death yak!
The death yak is heavily wounded.
You block the death yak's attack. The death yak gores you!
* * * LOW HITPOINT WARNING * * *
The death yak completely misses you.
Unknown command.
As you read the scroll labelled JOLOFEUHOOS, it crumbles to dust.
The creatures around you are filled with an inner flame!
It was a scroll of immolation.
The death yak gores you but does no damage. x2
You block the death yak's attack.
Your oklob sapling spits acid at the death yak.
The splash of acid hits the death yak!!
The death yak seems to be corroded for longer.
Flame seeps out of the death yak.
The death yak is engulfed in blazing flames.
Flame seeps out of the death yak.
The death yak gores your oklob sapling! Flame seeps out of your oklob sapling.
You block the death yak's attack. x2
As you read the scroll labelled DYM WUYGEX, it crumbles to dust.
You feel strangely unstable.
It was a scroll of teleportation.
The death yak gores you.
* * * LOW HITPOINT WARNING * * *
You block the death yak's attack.
The death yak is engulfed in blazing flames.
Fedhas appreciates your contribution to the ecosystem.
The death yak explodes!
The fiery explosion engulfs the death yak!!
Flame seeps out of the death yak.
The death yak is heavily wounded.
Fedhas protects your plant from harm.
The fiery explosion engulfs the death yak!!
Flame seeps out of the death yak.
The death yak is severely wounded.
Fedhas protects your plant from harm. The fiery explosion engulfs you!!!
Ouch! That really hurt!
You die...
Fedhas appreciates your contribution to the ecosystem.

... #...# ##..# .#
#...# #...#
.####...## #..##
.........# ##.##
..#......## #..#
..........# #####.##
..........#####Pff.##
..............§°YP.#
..........##..§Y@)##
........#####..####
######### ####


You could see 2 death yaks, 2 friendly wandering mushrooms and 2 friendly oklob
saplings.

Vanquished Creatures
  Erica (D:9)
  A death yak (D:9)
  Pikel (D:3)
  A mana viper (shapeshifter) (D:8)
  A manticore (D:6)
  Joseph (D:7)
  Maggie (D:7)
  A gargoyle (D:7)
  A troll (D:9)
  6 yaks
  A steam dragon (D:9)
  2 water moccasins (D:8)
  2 ice beasts
  A sky beast (D:7)
  A black bear (D:6)
  An ogre (D:5)
  2 centaurs (D:9)
  2 lemures
  8 kobold brigands
  A phantom (D:5)
  4 bullfrogs
  4 scorpions
  5 wights
  4 orc priests
  Crazy Yiuf (D:4)
  7 hounds
  5 iguanas
  7 orc wizards
  A hell rat (D:8)
  2 gnolls
  9 adders
  2 river rats
  4 shadow imps
  4 white imps
  2 ufetubi (D:7)
  5 worms
  3 dart slugs
  23 orcs
  5 bats
  11 endoplasms
  11 giant cockroaches
  4 hobgoblins
  2 jackals (D:3)
  24 kobolds
  9 quokkas
  4 ball pythons
  2 frilled lizards
  8 goblins
  13 rats
221 creatures vanquished.

Vanquished Creatures (others)
  An orc wizard (D:5)
1 creature vanquished.

Grand Total: 222 creatures vanquished

Notes
Turn   | Place    | Note
-------+----------+-------------------------------------------
     0 | D:1      | lyrin the Gargoyle Fighter began the quest for the Orb.
     0 | D:1      | Reached XP level 1. HP: 14/14 MP: 1/1
   348 | D:1      | Reached XP level 2. HP: 12/19 MP: 2/2
  1370 | D:2      | Found a faded altar of an unknown god.
  1406 | D:2      | Reached XP level 3. HP: 23/23 MP: 3/3
  1619 | D:2      | Found Cenn's Distillery.
  1983 | D:2      | Reached XP level 4. HP: 12/29 MP: 4/4
  2407 | D:3      | Reached skill level 3 in Maces & Flails
  2636 | D:3      | Found a sparkling altar of Nemelex Xobeh.
  2766 | D:3      | Found a blossoming altar of Fedhas.
  2775 | D:3      | Became a worshipper of Fedhas Madash
  2980 | D:3      | Found an opulent altar of Gozag.
  3397 | D:4      | Noticed a lemure
  3397 | D:4      | Noticed a lemure
  3397 | D:4      | Noticed a lemure
  3407 | D:4      | Noticed Pikel
  3443 | D:4      | Found a bloodstained altar of Trog.
  3470 | D:3      | Reached skill level 1 in Dodging
  3470 | D:3      | Reached XP level 5. HP: 31/33 MP: 5/5
  4065 | D:3      | Reached skill level 4 in Maces & Flails
  4065 | D:3      | Reached XP level 6. HP: 38/38 MP: 6/6
  4447 | D:3      | Killed Pikel
  4448 | D:3      | Reached skill level 5 in Maces & Flails
  4448 | D:3      | Reached skill level 5 in Armour
  4448 | D:3      | Reached XP level 7. HP: 19/44 MP: 7/7
  4902 | D:4      | Found a runed translucent door.
  4903 | D:4      | Noticed Crazy Yiuf
  5269 | D:4      | Killed Crazy Yiuf
  5270 | D:4      | Reached skill level 6 in Maces & Flails
  5308 | D:5      | Entered Level 5 of the Dungeon
  5351 | D:5      | Reached XP level 8. HP: 45/48 MP: 8/8
  5366 | D:5      | Reached * piety under Fedhas
  5367 | D:5      | Reached skill level 5 in Fighting
  5489 | D:5      | Found a glowing drain.
  5507 | Sewer    | Entered a sewer
  5635 | Sewer    | Reached skill level 5 in Shields
  6079 | Sewer    | Reached skill level 7 in Maces & Flails
  6303 | Sewer    | Reached ** piety under Fedhas
  6525 | D:5      | Reached skill level 1 in Invocations
  6999 | D:5      | Reached XP level 9. HP: 55/55 MP: 10/10
  7056 | D:5      | Reached skill level 8 in Maces & Flails
  7209 | D:5      | Found a staircase to the Ecumenical Temple.
  8341 | D:6      | Noticed a manticore
  8355 | D:6      | Killed a manticore
  8356 | D:6      | Reached skill level 9 in Maces & Flails
  8521 | D:6      | Identified the +8 spear "Beetleslayer" {drain, rC+ Str+7
                  | Int-2 Dex+4}
  8908 | D:7      | Noticed Joseph
  8923 | D:7      | Killed Joseph
  8924 | D:7      | Reached XP level 10. HP: 22/61 MP: 11/13
  9152 | D:7      | Noticed a gargoyle
  9163 | D:7      | Killed a gargoyle
  9164 | D:7      | Reached skill level 10 in Maces & Flails
  9455 | D:7      | Reached *** piety under Fedhas
  9522 | D:7      | Found a burning altar of Makhleb.
  9566 | D:7      | Noticed Maggie
  9600 | D:7      | Killed Maggie
 10000 | D:8      | Found a sacrificial altar of Ru.
 10047 | D:8      | Noticed a mana viper
 10047 | D:8      | a komodo dragon changed into a mana viper
 10057 | D:8      | Reached skill level 5 in Invocations
 10084 | D:8      | Killed a mana viper
 10408 | D:8      | Found a hide-covered altar of Uskayaw.
 10609 | D:8      | Identified the +3 dagger of Departure {drain, rF- rN+ Will-
                  | Dex+4}
 10752 | D:8      | Found a broken altar of Ashenzari.
 11035 | D:9      | Learned a level 5 spell: Lee's Rapid Deconstruction
 11248 | D:9      | Reached **** piety under Fedhas
 11411 | D:9      | Reached skill level 1 in Earth Magic
 11531 | D:9      | Noticed a death yak
 11576 | D:9      | Found a shimmering altar of Xom.
 11580 | D:9      | Found a shimmering altar of Xom.
 11580 | D:9      | Found a shimmering altar of Xom.
 11581 | D:9      | Found a shimmering altar of Xom.
 11653 | D:9      | Reached skill level 1 in Spellcasting
 11666 | D:9      | Noticed a death yak
 11687 | D:9      | Found a staircase to the Lair.
 11764 | D:10     | Entered Level 10 of the Dungeon
 11781 | D:10     | Noticed Josephine
 11876 | D:9      | Noticed a death yak
 11929 | D:9      | Found an iron altar of Okawaru.
 11971 | D:9      | Found a shadowy altar of Dithmenos.
 12006 | D:9      | Noticed Erica
 12038 | D:9      | Killed Erica
 12039 | D:9      | Reached XP level 11. HP: 63/68 MP: 15/15
 12060 | D:9      | Killed a death yak
 12060 | D:9      | Killed by an exploding death yak... ignited by their inner
                  | flame

Illustrated notes

Levels and vault maps discovered:
D:1:      sevenhm_arrival_forest_fort_small_5, layout_loops_cross, serial_glass,
          glass_columns_c, glass_columns_a, glass_columns_a, glass_columns_b,
          glass_columns_c, glass_columns_b
D:2:      layout_loops_ring, serial_shops, nicolae_diamond_shop,
          basic_ecumenical_altar
D:3:      layout_basic, nemelex_diamond_rough_becter,
          mainiacjoe_overflow_boulevard, mainiacjoe_overflow_alcove_2
D:4:      layout_rooms, mainiacjoe_overflow_catwalk, uniq_crazy_yiuf_cottage,
          uniq_pikel
D:5:      layout_basic, minmay_temple_entry_poolview, gup_sewer_entry_pipe,
          nicolae_concentric_dashed_squares_wild, minmay_circle_x
D:6:      layout_rooms
D:7:      layout_gridville, minmay_ruined_shrine, uniq_maggie, uniq_joseph
D:8:      layout_basic, amcnicky_altar_gilded, mainiacjoe_overflow_brackets,
          lemuel_doored_altar
D:9:      layout_layer_cave, xom_redecorated, worldfamousw_hep_ancestral_shrine,
          mainiacjoe_overflow_alcove_1, okawaru_altar_gauntlet_db,
          dpeg_lair_monsters, uniq_erica, uniq_maurice
D:10:     layout_gridville, lemuel_crystal_altar, bloody_makhleb,
          nicolae_overflow_hidden_temple, serial_shops, nicolae_shop_crystal,
          nicolae_shop_crystal, shop, nicolae_diamond_shop,
          nicolae_take_the_stairs, uniq_lodul, uniq_josephine

Skill      XL: |  1  2  3  4  5  6  7  8  9 10 11 |
---------------+----------------------------------+-----
Maces & Flails | 3 4 5 6 7 9 10 | 10.9
Armour         | 4 5 6 |  6.0
Dodging        | 1 2 3 |  3.0
Fighting       | 4 5 6 7 |  7.7
Shields        | 4 5 8 |  8.1
Invocations    | 1 4 6 |  6.1
Earth Magic    | 2 |  2.2
Spellcasting   | 1 2 |  2.2
Throwing       | |  0.7

Action                   |  1- 3 |  4- 6 |  7- 9 | 10-12 || total
-------------------------+-------+-------+-------+-------++-------
Melee: Flail             |   146 |   181 |    16 |       ||   343
       Mace              |       |       |   413 |   345 ||   758
Throw: Dart              |       |       |     5 |     1 ||     6
Invok: Overgrow          |       |       |       |     1 ||     1
Evoke: Phial of floods   |       |       |       |     1 ||     1
  Use: Potion            |       |     2 |       |     7 ||     9
       Scroll            |       |       |       |     2 ||     2
Armor: Scale mail        |   108 |   112 |   242 |    17 ||   479
       Swamp dragon scal |       |       |       |    89 ||    89
       Skin              |       |       |       |    21 ||    21
Dodge: Dodged            |    82 |    76 |   169 |   127 ||   454
Block: Buckler           |    36 |    43 |     4 |       ||    83
       Tower shield      |       |       |   277 |    59 ||   336
       Kite shield       |       |       |       |   198 ||   198
       Reflection        |       |       |       |     8 ||     8
